 Dungeon Crawl Stone Soup version 0.28.0-53-g5a82cb258f (webtiles) character file.

Game seed: 3913244617157318927

644 SanguineChosen the Covered (level 7, -11/43 HPs)
             Began as a Gargoyle Fighter on July 18, 2022.
             Was an Initiate of Trog.
             Killed from afar by an acid dragon (28 damage)
             ... with a splash of acid
             ... on level 6 of the Dungeon.
             The game lasted 00:08:07 (5708 turns).

SanguineChosen the Covered (Gargoyle Fighter)       Turns: 5708, Time: 00:08:08

Health: -11/43     AC: 10    Str: 22    XL:     7   Next: 52%
Magic:  7/7        EV:  9    Int:  8    God:    Trog [......]
Gold:   238        SH:  4    Dex:  9    Spells: 6/6 levels left

rFire   . . .      SeeInvis .   a - +0 flail
rCold   . . .      Faith    .   c - +0 buckler
rNeg    + . .      Spirit   .   b - +0 scale mail
rPois   ∞          Reflect  .   (no helmet)
rElec   +          Harm     .   (no cloak)
rCorr   .          Rampage  .   k - +0 pair of gloves
Will    .....                   e - +0 pair of boots
Stlth   ..........              (no amulet)
HPRegen 0.14/turn               (no ring)
MPRegen 0.10/turn               (no ring)

@: corroded
A: sickness immunity, AC +4, negative energy resistance 1, electricity
resistance, torment resistance 1, petrification resistance
a: Renounce Religion


You were on level 6 of the Dungeon.
You worshipped Trog.
Trog was noncommittal.
You visited 1 branch of the dungeon, and saw 6 of its levels.

You collected 238 gold pieces.

Inventory:

Hand Weapons
 a - a +0 flail (weapon)
Missiles
 v - 2 poisoned darts (quivered)
Armour
 b - a +0 scale mail (worn)
 c - a +0 buckler (worn)
 e - a +0 pair of boots (worn)
 k - a +0 pair of gloves (worn)
Jewellery
 l - a ring of fire
Wands
 x - a wand of digging (5)
Scrolls
 g - 2 scrolls of amnesia {unknown}
 h - 2 scrolls of enchant weapon {unknown}
 i - a scroll of blinking {unknown}
 m - 4 scrolls of identify {unknown}
 r - a scroll of magic mapping {unknown}
 s - a scroll of torment {unknown}
 u - a scroll of immolation {unknown}
 w - 2 scrolls of teleportation {unknown}
 y - a scroll of fog {unknown}
 z - a scroll of enchant armour {unknown}
Potions
 d - a potion of might
 f - a potion of resistance {unknown}
 j - a potion of heal wounds {unknown}
 n - a potion of lignification {unknown}
 o - a potion of mutation {unknown}
 p - a potion of curing {unknown}
 q - a potion of magic {unknown}
 t - a potion of ambrosia {unknown}


   Skills:
 + Level 4.2 Fighting
 + Level 5.3 Maces & Flails
 + Level 5.8 Armour
 + Level 1.0 Dodging
 + Level 0.7 Stealth
 + Level 4.6 Shields


You had 6 spell levels left.
You didn't know any spells.
Your spell library contained the following spells:

 Spells                   Type           Power      Damage    Failure   Level
 Slow                     Hex            0%         N/A       80%         1
 Confusing Touch          Hex            0%         N/A       99%         3
 Ignite Poison            Fire/Tmut/Pois 0%         N/A       99%         3
 Mephitic Cloud           Conj/Pois/Air  0%         N/A       99%         3
 Vampiric Draining        Necr           0%         2d6       99%         3
 Freezing Cloud           Conj/Ice/Air   0%         6-21      100%        5


Dungeon Overview and Level Annotations

Branches:
Dungeon (6/15)             Temple (0/1) D:5

Altars:
Cheibriados
Fedhas
Gozag
Kikubaaqudgha
Nemelex Xobeh
Sif Muna
Trog
Xom


Innate Abilities, Weirdness & Mutations

You are immune to sickness and miasma.
Your stone body is resilient. (AC +4)
You are immune to poison.
You resist negative energy. (rN+)
You are resistant to electric shocks. (rElec)
You are resistant to unholy torment.
You are immune to petrification.


Message History

You climb downwards.
There is a stone staircase leading up here.
An acid dragon comes into view.
The acid dragon roars!
You closely miss the acid dragon. The acid dragon spits acid at you.
The splash of acid hits you!!
Ouch! That really hurt!
The acid corrodes you!
You are too injured to fight recklessly!
You are too injured to fight recklessly!
You are too injured to fight recklessly!
You are too injured to fight recklessly!
You are too injured to fight recklessly!
You are too injured to fight recklessly!
You are too injured to fight recklessly!
You are too injured to fight recklessly!
You are too injured to fight recklessly!
Throw: 4 darts (poison)
Press: ? - help, Q - select action Shift-Dir - straight line, f - acid dragon
Aim: an acid dragon (catching its breath, 56% to hit)
You throw a poisoned dart. The poisoned dart hits the acid dragon.
You block the acid dragon's attack.
The acid dragon claws you but does no damage.
Throw: 3 darts (poison)
Press: ? - help, Q - select action Shift-Dir - straight line, f/p - acid dragon
Aim: an acid dragon (catching its breath, 56% to hit)
You throw a poisoned dart.
The poisoned dart completely misses the acid dragon.
The acid dragon bites you but does no damage.
The acid dragon claws you but does no damage.
You closely miss the acid dragon. The acid dragon bites you.
The acid dragon barely misses you.
You closely miss the acid dragon. The acid dragon closely misses you.
The acid dragon claws you but does no damage.
You hit the acid dragon but do no damage.
The acid dragon spits acid at you. The splash of acid hits you!!
Ouch! That really hurt!
You die...

#.# #.#
#.# #<# .
# #.#
#.###. #.#
......##.#
#....#.#
#(..D@.#
#..#.### #
#. ##


You could see an acid dragon (catching breath).

Vanquished Creatures
  2 ogres
  A scorpion (D:4)
  A howler monkey (D:4)
  A hound (D:4)
  An orc priest (D:4)
  3 bullfrog skeletons
  An iron imp (D:5)
  An iguana (D:5)
  2 orc wizards
  3 adders
  4 worms
  3 dart slugs
  8 orcs
  6 ball pythons
  3 endoplasms
  2 giant cockroaches
  7 goblins
  4 hobgoblins
  4 jackals (D:1)
  2 quokkas
  9 bats
  6 frilled lizards
  10 kobolds
  4 rats
88 creatures vanquished.

Vanquished Creatures (others)
  An orc wizard (D:4)
1 creature vanquished.

Grand Total: 89 creatures vanquished

Notes
Turn   | Place    | Note
-------+----------+-------------------------------------------
     0 | D:1      | SanguineChosen the Gargoyle Fighter began the quest for the
                  | Orb.
     0 | D:1      | Reached XP level 1. HP: 14/14 MP: 1/1
    68 | D:1      | Reached XP level 2. HP: 19/19 MP: 2/2
   498 | D:1      | Reached XP level 3. HP: 12/23 MP: 3/3
  1193 | D:2      | Found a blossoming altar of Fedhas.
  1685 | D:2      | Reached XP level 4. HP: 25/29 MP: 4/4
  1719 | D:2      | Found a faded altar of an unknown god.
  2096 | D:3      | Found a shimmering altar of Xom.
  2785 | D:4      | Reached XP level 5. HP: 12/33 MP: 5/5
  2968 | D:4      | Noticed an ogre
  3072 | D:4      | Killed an ogre
  3073 | D:4      | Reached XP level 6. HP: 17/38 MP: 6/6
  4104 | D:4      | Reached skill level 5 in Armour
  4104 | D:4      | Reached XP level 7. HP: 39/43 MP: 7/7
  4431 | D:5      | Entered Level 5 of the Dungeon
  4508 | D:5      | Found a sparkling altar of Nemelex Xobeh.
  4510 | D:5      | Found an opulent altar of Gozag.
  4537 | D:5      | Found a bloodstained altar of Trog.
  4553 | D:5      | Reached skill level 5 in Maces & Flails
  4838 | D:5      | Became a worshipper of Trog the Wrathful
  4895 | D:5      | Found a snail-covered altar of Cheibriados.
  4904 | D:5      | Reached skill level 1 in Dodging
  5166 | D:5      | Found a staircase to the Ecumenical Temple.
  5360 | D:5      | Found an ancient bone altar of Kikubaaqudgha.
  5362 | D:5      | Found a shimmering blue altar of Sif Muna.
  5708 | D:6      | Killed from afar by an acid dragon

Illustrated notes

Levels and vault maps discovered:
D:1:      tarquinn_simple_flora_water_a, layout_basic, corner_web_ring,
          st_stairs_7, minmay_misc_feat_more_columns, minivault_19
D:2:      layout_rooms, hellmonk_ecumenical_altar_prayer_group, basic_altar
D:3:      layout_loops_ring, lemuel_doored_altar,
          chequers_serial_rivers_micro_e, hangedman_decor_push,
          wander_ebering_terrifying_dragon_lair
D:4:      layout_basic, cheibrodos_sewer_entry_bend, solitary_fountain,
          corexii_item_surrounded_by_moat
D:5:      layout_basic, slow_altar_1, old_standard_altar,
          nicolae_overflow_hidden_temple, minmay_temple_entry_statues_pillars
D:6:      layout_basic, mainiacjoe_overflow_catwalk_spiral

Skill      XL: |  1  2  3  4  5  6  7 |
---------------+----------------------+-----
Maces & Flails | 3 4 5 |  5.3
Armour         | 4 5 |  5.8
Fighting       | 4 |  4.2
Shields        | 4 |  4.6
Dodging        | 1 |  1.0
Stealth        | |  0.7

Action                   |  1- 3 |  4- 6 |  7- 9 || total
-------------------------+-------+-------+-------++-------
Melee: Flail             |   129 |   166 |    69 ||   364
Throw: Dart              |       |       |     3 ||     3
Armor: Scale mail        |    86 |    63 |    41 ||   190
Dodge: Dodged            |    88 |    66 |    26 ||   180
Block: Buckler           |    42 |    40 |    14 ||    96
